 Dungeon Sprint DCSS version 0.14-a0-1686-g0e827d1 (webtiles) character file.

3368 LoliLover the Carver (level 9, -21/76 HPs)
             Began as a Djinni Fighter on Dec 30, 2013.
             Was the Champion of Makhleb.
             Killed from afar by a greater naga (30 damage)
             ... with an orb of energy
             ... in the Dungeon (Sprint VII: "The Pits").
             The game lasted 00:05:56 (597 turns).

LoliLover the Carver (Djinni Fighter)                Turns: 597, Time: 00:05:56

HP -21/76        AC 18     Str 24      XL: 9   Next: 73%
MP   0/0         EV  9     Int  9 (12) God: Makhleb [******]
Gold 0           SH 25     Dex 13      Spells:  0 memorised,  8 levels left

rFire  + + +     SeeInvis .     m - +2 elf scimitar (flame)
rCold  x . .     Clarity  .     u - +3 plate armour
rNeg   + + +     Conserve .     c - +0 shield
rPois  .         rCorr    .     (no helmet)
rElec  .         rRot     .     (no cloak)
SustAb . .       Spirit   .     (no gloves)
rMut   .         Warding  .     (boots unavailable)
Saprov . . .     NoTele   +     (no amulet)
                                k - +3 ring of evasion
                                i - +3 ring of strength

@: invisible, mighty, flying, very poisoned, very slightly contaminated,
slightly resistant to hostile enchantments, extremely unstealthy
A: fire immunity, cold vulnerability, life protection 3
a: Minor Destruction, Lesser Servant of Makhleb, Major Destruction, Greater
Servant of Makhleb, Renounce Religion


You were in the Dungeon.
You worshipped Makhleb.
Makhleb was exalted by your worship.
You were not hungry.

You visited 1 branch

Inventory:

Hand weapons
 a - a +0,+0 falchion
 d - a +2,+2 dwarven falchion
 m - a +2,+2 elven scimitar of flaming (weapon)
 o - a +1,+2 long sword of holy wrath
 r - a +2,+0 dagger of venom
Missiles
 n - 10 stones (quivered)
Armour
 c - a +0 shield (worn)
 u - a +3 plate armour (worn)
Scrolls
 j - a scroll of blinking
 l - 2 scrolls of amnesia
Jewellery
 i - a +3 ring of strength (left hand)
 k - a +3 ring of evasion (right hand)
Potions
 e - a potion of invisibility
 h - a potion of magic
 p - 10 potions of curing
 q - 3 potions of heal wounds
 s - a potion of restore abilities


   Skills:
 - Level 2.6 Fighting
 * Level 14.5 Long Blades
 + Level 11.7 Armour
 - Level 10.0 Shields
 + Level 9.2 Invocations


You had 8 spell levels left.
You didn't know any spells.

Dungeon Overview and Level Annotations

Branches:
Dungeon (1/1)

Altars:
Ashenzari
Cheibriados
Elyvilon
Fedhas
Kikubaaqudgha
Makhleb
Nemelex Xobeh
Okawaru
Sif Muna
Trog
Vehumet
Xom
Yredelemnul
Zin
the Shining One
Beogh
Jiyva
Lugonu


Innate Abilities, Weirdness & Mutations

You are immune to all types of fire, even holy and hellish.
You are vulnerable to cold.
You need no food.
You have no legs.
You are immune to negative energy.


Message History

Unknown command.
Drink which item? (? for menu, Esc to quit)
You feel much better.
The insubstantial wisp gives a chilling moan.
The killer bee buzzes angrily.
Your Executioner gestures.
Your Executioner seems to speed up.
The greater naga hits you from afar with a halberd!
Unknown command.
The insubstantial wisp gives a chilling moan.
Your Executioner hits the sheep! Your Executioner hits the sheep.
The sheep dies!
Makhleb accepts your collateral kill.
The greater naga casts a spell at you. The poison arrow hits you!
You are poisoned.
* * * LOW HITPOINT WARNING * * *
The greater naga gestures at you while chanting.
The orb of energy hits you!
You die...

..#..#......#
............#
#####''###### ...##''#
...##..# ...##..#
...##..#### #+#
...##).#..#####.##
...##.)#....##..@#
...##..'.....#...#
#####..'.....'..1%.Y.+
#####..'.....#...#Nk.#
.[[##..#....##...#v..#
.[[##..#..#####.## ..#
.))##..#### #+# ###
.))##..# .).##..#


You could see a greater naga, an insubstantial wisp (wandering) and a friendly
Executioner.

Vanquished Creatures
  2 hell hogs (D)
  An orc sorcerer (D)
  An elephant (D)
  A blue devil (D)
  A two-headed ogre (D)
  A fire bat (D)
  2 ice beasts (D)
  An ogre (D)
  A warg (D)
  A brain worm (D)
  A rotting devil (D)
  3 insubstantial wisps (D)
  A water moccasin (D)
  A killer bee (D)
  A worker ant (D)
  A scorpion (D)
  2 sheep (D)
  An adder (D)
  A green rat (D)
  A gnoll (D)
  A giant mite (D)
  A giant eyeball (D)
  A bat skeleton (D)
  A giant cockroach (D)
  7 jackals (D)
  A goblin (D)
37 creatures vanquished.

Vanquished Creatures (collateral kills)
  A sheep (D)
1 creature vanquished.

Grand Total: 38 creatures vanquished

Notes
Turn   | Place    | Note
--------------------------------------------------------------
     0 | D        | LoliLover, the Djinni Fighter, began the quest for the Orb.
     0 | D        | Reached XP level 1. HP: 16/16 MP: 0/0
    18 | D        | Reached skill level 4 in Armour
    18 | D        | Reached XP level 2. EP: 12/22
    60 | D        | Found a basalt altar of Yredelemnul.
    60 | D        | Found a deep blue altar of Sif Muna.
    60 | D        | Found a burning altar of Makhleb.
    60 | D        | Found a shimmering altar of Xom.
    60 | D        | Found an ancient bone altar of Kikubaaqudgha.
    60 | D        | Found a sparkling altar of Nemelex Xobeh.
    61 | D        | Found a glowing golden altar of the Shining One.
    61 | D        | Found a bloodstained altar of Trog.
    61 | D        | Found a shattered altar of Ashenzari.
    61 | D        | Found a white marble altar of Elyvilon.
    61 | D        | Found a snail-covered altar of Cheibriados.
    61 | D        | Found a blossoming altar of Fedhas.
    61 | D        | Found a radiant altar of Vehumet.
    61 | D        | Found a glowing silver altar of Zin.
    61 | D        | Found a corrupted altar of Lugonu.
    61 | D        | Found a viscous altar of Jiyva.
    61 | D        | Found a roughly hewn altar of Beogh.
    61 | D        | Found an iron altar of Okawaru.
    64 | D        | Became a worshipper of Makhleb the Destroyer
   103 | D        | Acquired Makhleb's first power
   107 | D        | Noticed a worker ant
   123 | D        | Killed a worker ant
   123 | D        | Reached skill level 5 in Long Blades
   123 | D        | Reached skill level 5 in Armour
   123 | D        | Reached XP level 3. EP: 28/28
   131 | D        | Paralysed by a giant eyeball for 3 turns
   135 | D        | Paralysed by a giant eyeball for 4 turns
   142 | D        | Acquired Makhleb's second power
   145 | D        | Noticed an ogre
   167 | D        | Killed an ogre
   167 | D        | Acquired Makhleb's third power
   167 | D        | Reached skill level 7 in Long Blades
   167 | D        | Reached skill level 5 in Shields
   167 | D        | Reached XP level 4. EP: 31/35
   167 | D        | Reached XP level 5. EP: 37/42
   234 | D        | Noticed a brain worm
   235 | D        | Noticed a scorpion
   246 | D        | Noticed an ice beast
   248 | D        | Acquired Makhleb's fourth power
   262 | D        | Killed a brain worm
   262 | D        | Reached skill level 8 in Long Blades
   266 | D        | Killed a scorpion
   266 | D        | Acquired Makhleb's fifth power
   276 | D        | Killed an ice beast
   276 | D        | Reached skill level 9 in Long Blades
   276 | D        | Reached XP level 6. EP: 50/52
   282 | D        | Noticed a fire bat
   298 | D        | Killed a fire bat
   298 | D        | Reached skill level 5 in Invocations
   301 | D        | Noticed a warg
   315 | D        | Killed a warg
   315 | D        | Reached skill level 10 in Long Blades
   315 | D        | Reached XP level 7. EP: 53/58
   317 | D        | Noticed a rotting devil
   325 | D        | Killed a rotting devil
   327 | D        | Noticed a blue devil
   329 | D        | Killed a blue devil
   329 | D        | Reached skill level 11 in Long Blades
   350 | D        | Noticed an elephant
   350 | D        | Noticed a hell hog
   350 | D        | Noticed a hell hog
   352 | D        | Noticed an ice beast
   359 | D        | Killed a hell hog
   359 | D        | Reached skill level 12 in Long Blades
   359 | D        | Reached skill level 10 in Armour
   359 | D        | Reached XP level 8. EP: 67/69
   367 | D        | Killed a hell hog
   367 | D        | Reached XP level 9. EP: 75/75
   392 | D        | Killed an elephant
   392 | D        | Reached skill level 13 in Long Blades
   392 | D        | Reached skill level 10 in Shields
   402 | D        | Killed an ice beast
   525 | D        | Noticed a two-headed ogre
   525 | D        | Noticed a water moccasin
   525 | D        | Noticed an orc sorcerer
   532 | D        | Noticed a sixfirhy
   550 | D        | Killed a water moccasin
   552 | D        | Killed an orc sorcerer
   552 | D        | Reached skill level 14 in Long Blades
   554 | D        | Killed a two-headed ogre
   573 | D        | Noticed a killer bee
   573 | D        | Noticed a killer bee
   573 | D        | Noticed a greater naga
   574 | D        | Noticed an insubstantial wisp
   574 | D        | Noticed a killer bee
   575 | D        | Noticed an insubstantial wisp
   577 | D        | Noticed an insubstantial wisp
   580 | D        | Killed an insubstantial wisp
   582 | D        | Killed a killer bee
   585 | D        | Noticed an insubstantial wisp
   588 | D        | Killed an insubstantial wisp
   590 | D        | Killed an insubstantial wisp
   592 | D        | Noticed an insubstantial wisp
   597 | D        | Killed from afar by a greater naga

Action                   |  1- 3 |  4- 6 |  7- 9 || total
-------------------------+-------+-------+-------++-------
Melee: Falchion          |    52 |       |       ||    52
       Long sword        |       |    60 |    67 ||   127
       Scimitar          |       |       |    35 ||    35
Invok: Greater Servant o |       |       |     1 ||     1
  Use: Potion            |     5 |       |     8 ||    13
 Stab: Invisible         |       |       |     6 ||     6
